 Dungeon Crawl Stone Soup version 0.26.1-11-gd32895ea62 (webtiles) character file.

Game seed: 4120939674656832695

56 unlimited1921 the Grasshopper (level 3, -2/31 HPs)
             Began as a Gnoll Warper on July 22, 2021.
             Slain by a gnoll
             ... wielding a +0 spear
              (4 damage)
             ... on level 2 of the Dungeon.
             The game lasted 00:25:57 (1947 turns).

unlimited1921 the Grasshopper (Gnoll Warper)        Turns: 1947, Time: 00:25:58

Health: -2/31      AC:  3    Str: 14    XL:     3   Next: 95%
Magic:  9/9        EV: 14    Int: 15    God:
Gold:   65         SH:  0    Dex: 14    Spells: 12/12 levels left

rFire    . . .     SeeInvis .   a - +0 falchion
rCold    . . .     Faith    .   (no shield)
rNeg     . . .     Spirit   .   b - +0 leather armour
rPois    .         Reflect  .   (no helmet)
rElec    .         Harm     .   (no cloak)
rCorr    .         Rampage  .   (no gloves)
Will     .....                  (no boots)
Stlth    +.........             (no amulet)
HPRegen  0.10/turn              (no ring)
MPRegen  0.11/turn              (no ring)

@: no status effects
A: distributed training, fangs 1, strong nose
a: no special abilities


You were on level 2 of the Dungeon.
You visited 1 branch of the dungeon, and saw 2 of its levels.

You collected 65 gold pieces.

Inventory:

Hand Weapons
 a - a +0 falchion (weapon)
 j - a +0 hand axe
Missiles
 c - 52 stones (quivered)
 h - 2 boomerangs
Armour
 b - a +0 leather armour (worn)
Scrolls
 d - a scroll of blinking
 e - 2 scrolls of remove curse {unknown}
 f - a scroll of identify {unknown}
 i - 2 scrolls of fog {unknown}
Potions
 g - a potion of ambrosia {unknown}


   Skills:
 + Level 4.6 Fighting
 + Level 1.0 Short Blades
 + Level 4.6 Long Blades
 + Level 1.0 Axes
 + Level 1.0 Maces & Flails
 + Level 1.0 Polearms
 + Level 1.0 Staves
 + Level 1.0 Slings
 + Level 1.0 Bows
 + Level 1.0 Crossbows
 + Level 2.6 Throwing
 + Level 2.6 Armour
 + Level 4.6 Dodging
 + Level 1.0 Stealth
 + Level 1.0 Shields
 + Level 1.0 Unarmed Combat
 + Level 5.0 Spellcasting
 + Level 0.7 Conjurations
 + Level 0.7 Hexes
 + Level 0.7 Summonings
 + Level 0.7 Necromancy
 + Level 5.4 Translocations
 + Level 0.7 Transmutations
 + Level 0.7 Fire Magic
 + Level 0.7 Ice Magic
 + Level 0.7 Air Magic
 + Level 0.7 Earth Magic
 + Level 0.7 Poison Magic
 + Level 1.0 Invocations
 + Level 1.0 Evocations


You had 12 spell levels left.
You didn't know any spells.
Your spell library contained the following spells:

 Spells                   Type           Power        Failure   Level
 Blink                    Tloc           N/A          3%          2
 Gell's Gravitas          Tloc           10%          6%          3
 Lesser Beckoning         Tloc           10%          6%          3
 Teleport Other           Tloc           20%          6%          3
 Passage of Golubria      Tloc           N/A          22%         4


Dungeon Overview and Level Annotations

Branches:
Dungeon (2/15)

Altars:


Innate Abilities, Weirdness & Mutations

Your experience applies equally to all skills.
You have very sharp teeth.
Your uncanny sense of smell can sniff out nearby items.


Message History

Throw: 55 stones
Press: ? - help, Q - select action, (/) - cycle Shift-Dir - straight line, f/p - gnoll
Aim: a gnoll, wielding a +0 spear (severely wounded, 65% to hit)
You throw a stone. The stone closely misses the gnoll.
The gnoll closely misses you.
Throw: 54 stones
Press: ? - help, Q - select action, (/) - cycle Shift-Dir - straight line, f/p - gnoll
Aim: a gnoll, wielding a +0 spear (severely wounded, 65% to hit)
You throw a stone. The stone barely misses the gnoll.
The gnoll closely misses you.
Throw: 53 stones
Press: ? - help, Q - select action, (/) - cycle Shift-Dir - straight line, f/p - gnoll
Aim: a gnoll, wielding a +0 spear (severely wounded, 65% to hit)
You throw a stone.
The stone hits the gnoll but does no damage.
The gnoll is severely wounded.
The gnoll hits you with a +0 spear.
* * * LOW HITPOINT WARNING * * *
The gnoll hits you from afar with a +0 spear.
You die...

########...... #.....(.......
#.............
###.....(.).....
#....(.(..##.... #####
#.........##.... #...#
#........[##....
######...######.........##....
#............@.g.....(..##.g..
##.###...######.........##....
#.# #...#.....####.######...g
#.# #####.###.####.### #....
#.# #.# #........# #.... #.#
#.# #........# #.... #.# #.#
#........# ##... #.# #.#
#........# #.# #.###........#


You could see a gnoll.

Vanquished Creatures
  An ooze (D:1)
  A worm (D:2)
  4 dart slugs (D:1)
  3 leopard geckos (D:1)
  2 giant cockroaches (D:1)
  2 goblins (D:1)
  A hobgoblin (D:1)
  2 jackals (D:1)
  A ball python (D:1)
  3 bats (D:1)
  8 frilled lizards (D:1)
  9 kobolds
  3 rats
40 creatures vanquished.

Vanquished Creatures (others)
  A kobold (D:2)
1 creature vanquished.

Grand Total: 41 creatures vanquished

Notes
Turn   | Place    | Note
-------+----------+-------------------------------------------
     0 | D:1      | unlimited1921 the Gnoll Warper began the quest for the Orb.
     0 | D:1      | Reached XP level 1. HP: 20/20 MP: 6/6
   247 | D:1      | Reached XP level 2. HP: 11/26 MP: 7/7
   729 | D:1      | Reached XP level 3. HP: 31/31 MP: 9/9
   734 | D:1      | Reached skill level 5 in Spellcasting
   894 | D:1      | Reached skill level 1 in Invocations
  1293 | D:1      | Reached skill level 1 in Short Blades
  1293 | D:1      | Reached skill level 1 in Axes
  1293 | D:1      | Reached skill level 1 in Maces & Flails
  1293 | D:1      | Reached skill level 1 in Polearms
  1293 | D:1      | Reached skill level 1 in Staves
  1293 | D:1      | Reached skill level 1 in Slings
  1293 | D:1      | Reached skill level 1 in Bows
  1293 | D:1      | Reached skill level 1 in Crossbows
  1293 | D:1      | Reached skill level 1 in Stealth
  1293 | D:1      | Reached skill level 1 in Shields
  1293 | D:1      | Reached skill level 1 in Unarmed Combat
  1293 | D:1      | Reached skill level 1 in Evocations
  1947 | D:2      | Slain by a gnoll

Illustrated notes

Levels and vault maps discovered:
D:1:      minmay_arrival_shattered_statue, layout_rooms, minmay_lizard_pond
D:2:      layout_basic, general_overflow_altar, grunt_qazlal_clouds

Skill      XL: |  1  2  3 |
---------------+----------+-----
Spellcasting   | 5 |  5.0
Invocations    | 1 |  1.0
Short Blades   | 1 |  1.0
Axes           | 1 |  1.0
Maces & Flails | 1 |  1.0
Polearms       | 1 |  1.0
Staves         | 1 |  1.0
Slings         | 1 |  1.0
Bows           | 1 |  1.0
Crossbows      | 1 |  1.0
Stealth        | 1 |  1.0
Shields        | 1 |  1.0
Unarmed Combat | 1 |  1.0
Evocations     | 1 |  1.0
Fighting       | |  4.6
Long Blades    | |  4.6
Throwing       | |  2.6
Armour         | |  2.6
Dodging        | |  4.6
Conjurations   | |  0.7
Hexes          | |  0.7
Summonings     | |  0.7
Necromancy     | |  0.7
Translocations | |  5.4
Transmutations | |  0.7
Fire Magic     | |  0.7
Ice Magic      | |  0.7
Air Magic      | |  0.7
Earth Magic    | |  0.7
Poison Magic   | |  0.7

Action                   || total
-------------------------++-------
Melee: Falchion          ||   109
       Bite              ||    11
Throw: Boomerang         ||     5
       Stone             ||   121
Armor: Leather armour    ||    25
Dodge: Dodged            ||    87
       Rpst.: Falchion   ||    27
